Map: Deathaura LE

Players

Massa - Winner!

  • Race: Terran Terran
  • League: Platinum
  • Spawn Location: 5:00

FusilàPompe

  • Race: Protoss Protoss
  • League: Diamond
  • Spawn Location: 11:00

VOD

Have the link to the VOD?

Description

Time

  • Played on: Oct. 24, 2020, 8:03 a.m.
  • Length: 14:15
Show
View Real Time Build Order
Export as new Build Order

Massa Terran - Winner!

Build Orders:  

Get SALT Encoding   

  12  0:00  SCV  
  13  0:12  SCV  
  14  0:17  Supply Depot  
  14  0:29  SCV  
  15  0:41  SCV  
  15  0:42  Supply Depot  
  16  0:50  Supply Depot  
  16  0:53  SCV  
  17  1:03  Barracks  
  17  1:22  Barracks  
  17  1:23  SCV  
  18  1:26  Refinery  
  18  1:35  SCV  
  18  1:36  Refinery  
  19  1:47  SCV  
  19  1:50  Marine  
  21  1:59  Orbital Command  
  21  2:08  Marine x2  
  23  2:25  Marine  
  23  2:26  Marine  
  25  2:31  Bunker  
  22  2:46  Reaper  
  22  2:47  Reaper  
  22  2:51  SCV  
  25  3:03  SCV  
  26  3:15  SCV  
  26  3:16  Factory  
  26  3:18  Reaper  
  26  3:19  Reaper  
  29  3:20  Barracks  
  29  3:29  Command Center  
  29  3:36  SCV  
  30  3:49  SCV  
  31  4:04  Factory Tech Lab  
  31  4:11  Starport  
  31  4:12  SCV  
  32  4:24  SCV  
  32  4:36  SCV  
  31  4:58  Widow Mine  
  31  4:59  Medivac  
  35  5:00  Marine  
  36  5:09  SCV  
  37  5:18  Marine  
  41  5:21  SCV, Siege Tank  
  41  5:23  Marine  
  43  5:29  Liberator  
  43  5:31  Marine  
  43  5:33  SCV  
  48  5:36  Engineering Bay  
  48  5:39  Armory  
  48  5:41  Marine  
  48  5:42  Orbital Command, Supply Depot  
  49  5:46  SCV  
  49  5:48  Marine x2  
  52  5:54  Widow Mine  
  54  6:03  SCV, Marine, Supply Depot  
  56  6:06  Marine x2, Supply Depot  
  58  6:12  Medivac  
  58  6:15  Widow Mine  
  62  6:25  SCV, Marine  
  64  6:26  Marine  
  64  6:27  Marine  
  66  6:33  SCV  
  66  6:34  Supply Depot  
  66  6:37  SCV  
  66  6:38  Refinery  
  67  6:42  Marine  
  67  6:45  SCV  
  69  6:49  SCV  
  70  6:57  SCV  
  71  7:01  SCV  
  72  7:09  SCV  
  72  7:13  SCV  
  58  7:54  Barracks Reactor  
  58  7:55  Barracks Reactor, Barracks Tech Lab  
  52  7:58  Siege Tank  
  52  8:04  Medivac  
  57  8:10  Refinery  
  57  8:20  Command Center  
  57  8:21  Stimpack  
  57  8:25  SCV x2  
  59  8:30  Siege Tank  
  59  8:34  Terran Infantry Weapons Level 1, Medivac  
  62  8:37  SCV x2  
  62  8:38  Terran Vehicle Weapons Level 1  
  66  8:49  SCV  
  66  8:52  Marauder, Marine  
  66  8:53  Marine x3  
  76  9:02  Siege Tank  
  76  9:04  Medivac  
  76  9:06  Barracks  
  76  9:09  Barracks  
  78  9:10  Marine  
  78  9:11  Marine x3  
  78  9:14  Marauder  
  84  9:19  Command Center  
  84  9:22  Supply Depot  
  84  9:23  Supply Depot  
  84  9:25  Missile Turret, Supply Depot  
  84  9:26  Supply Depot  
  84  9:28  Marine  
  84  9:29  Missile Turret  
  85  9:33  Engineering Bay  
  85  9:35  Marauder  
  87  9:46  Missile Turret  
  87  9:48  Supply Depot x2  
  87  9:49  Missile Turret, Supply Depot  
  87  9:50  Supply Depot  
  85  9:56  Marauder  
  81  10:00  Combat Shield  
  81  10:02  Siege Tank  
  81  10:06  Orbital Command  
  84  10:08  SCV x2, Missile Turret  
  84  10:10  Missile Turret  
  84  10:12  Supply Depot  
  86  10:20  SCV x2, Marauder, Marine  
  86  10:21  Marine x3  
  94  10:28  Barracks Reactor, Barracks Tech Lab  
  94  10:32  SCV x2, Liberator  
  94  10:35  Terran Infantry Armor Level 1, Siege Tank  
  102  10:38  Terran Infantry Weapons Level 2, Marine x4  
  102  10:41  Marauder  
  108  10:45  Refinery  
  108  10:47  Refinery  
  108  10:49  Orbital Command  
  108  10:56  Marine x4  
  112  11:00  Sensor Tower  
  112  11:03  Marauder  
  114  11:07  Siege Tank  
  117  11:13  Sensor Tower  
  117  11:14  Marine x4  
  117  11:15  Liberator  
  117  11:16  SCV x4  
  128  11:19  Concussive Shells, Missile Turret  
  128  11:24  Marauder  
  130  11:28  SCV x4  
  134  11:33  Factory  
  134  11:37  Orbital Command, Factory  
  134  11:39  Siege Tank  
  137  11:40  SCV x3  
  137  11:45  Marine  
  141  11:52  SCV x3  
  146  11:54  Marauder, Marine  
  146  11:55  Marine x5  
  152  12:03  Refinery, Marauder  
  152  12:04  Refinery, SCV x2  
  152  12:05  SCV  
  152  12:08  Medivac  
  159  12:12  Marine  
  159  12:13  Marine  
  163  12:15  Marauder  
  163  12:20  Siege Tank  
  166  12:25  Marauder  
  170  12:37  Marauder  
  170  12:38  Medivac  
  172  12:46  Marauder  
  176  12:58  Marauder  
  176  13:07  Marine x3  
  176  13:08  Marauder, Marine x3  
  184  13:17  Supply Depot  
  184  13:19  Supply Depot  
  186  13:20  Marauder  
  186  13:23  Supply Depot  
  186  13:24  Marine  
  186  13:25  Marine  
  188  13:37  Factory Tech Lab x2  
  188  13:38  SCV x4, Marine x2  
  188  13:39  Marauder  
  188  13:40  Marine x2  
  200  13:41  Marauder, Supply Depot  
  200  13:44  Supply Depot x2  
  200  13:45  Supply Depot x2  
  200  13:46  Supply Depot  
  200  13:48  Supply Depot x2  
  197  14:08  Supply Depot x2  
  175  14:13  Supply Depot  
Show
View Real Time Build Order
Export as new Build Order

FusilàPompe Protoss 

Build Orders:  

Get SALT Encoding   

  12  0:01  Probe (Chrono Boost)  
  13  0:10  Probe (Chrono Boost)  
  14  0:17  Pylon  
  14  0:21  Probe  
  15  0:35  Probe  
  16  0:42  Gateway  
  16  0:47  Probe  
  17  0:53  Assimilator  
  17  1:09  Probe (Chrono Boost)  
  18  1:16  Pylon  
  19  1:19  Probe (Chrono Boost)  
  19  1:22  Forge  
  19  1:27  Probe  
  20  1:40  Cybernetics Core  
  20  1:47  Zealot  
  22  2:04  Photon Cannon  
  22  2:05  Photon Cannon  
  22  2:12  Probe (Chrono Boost)  
  23  2:22  Probe (Chrono Boost)  
  24  2:31  Stalker  
  24  2:48  Probe  
  25  2:52  Assimilator  
  25  2:57  Robotics Facility  
  25  3:00  Probe  
  25  3:01  Stalker  
  28  3:06  Shield Battery  
  28  3:14  Nexus  
  28  3:19  Probe (Chrono Boost)  
  29  3:29  Probe (Chrono Boost), Warp Gate  
  30  3:42  Pylon  
  30  3:46  Pylon  
  30  3:48  Probe  
  31  3:57  Protoss Ground Weapons Level 1  
  31  4:00  Probe, Sentry  
  34  4:03  Observer  
  35  4:11  Assimilator  
  35  4:12  Probe (Chrono Boost)  
  35  4:14  Assimilator  
  36  4:23  Probe (Chrono Boost)  
  34  4:28  Immortal  
  31  4:46  Stalker  
  32  4:57  Probe (Chrono Boost)  
  32  4:59  Probe (Chrono Boost)  
  34  5:09  Probe (Chrono Boost)  
  36  5:14  Probe (Chrono Boost)  
  36  5:19  Probe (Chrono Boost)  
  37  5:21  Probe  
  38  5:30  Probe (Chrono Boost)  
  38  5:34  Probe (Chrono Boost)  
  40  5:39  Gateway  
  40  5:41  Probe (Chrono Boost), Gateway  
  42  5:42  Gateway  
  42  5:43  Probe (Chrono Boost)  
  42  5:46  Probe (Chrono Boost)  
  42  5:48  Probe (Chrono Boost)  
  43  5:56  Probe  
  45  5:58  Stalker  
  45  6:00  Probe  
  48  6:08  Probe  
  49  6:12  Probe  
  50  6:21  Probe  
  50  6:24  Probe, Nexus  
  51  6:35  Immortal  
  51  6:38  Stalker x3  
  61  6:42  Probe  
  62  6:52  Pylon  
  62  6:58  Pylon  
  62  7:03  Probe  
  62  7:10  Probe  
  63  7:18  Probe  
  63  7:22  Probe  
  65  7:30  Probe, Stalker x4  
  55  8:03  Probe x2 (Chrono Boost)  
  55  8:04  Probe (Chrono Boost)  
  58  8:12  Probe x2 (Chrono Boost)  
  61  8:13  Probe (Chrono Boost)  
  61  8:17  Probe x3 (Chrono Boost)  
  63  8:20  Protoss Shields Level 1 (Chrono Boost)  
  64  8:29  Probe x3  
  64  8:32  Stalker x4  
  75  8:38  Pylon  
  75  8:41  Probe x2 (Chrono Boost)  
  78  8:42  Probe (Chrono Boost)  
  78  8:46  Twilight Council  
  78  8:53  Probe x2 (Chrono Boost)  
  78  8:54  Probe (Chrono Boost)  
  81  8:56  Pylon  
  81  9:00  Probe x2 (Chrono Boost)  
  81  9:01  Probe (Chrono Boost)  
  84  9:08  Stalker x2  
  88  9:22  Probe x2  
  88  9:23  Probe  
  91  9:28  Stalker x2  
  95  9:34  Probe (Chrono Boost)  
  95  9:35  Probe (Chrono Boost)  
  95  9:36  Probe (Chrono Boost)  
  98  9:47  Probe x2 (Chrono Boost)  
  96  9:52  Stalker  
  96  9:53  Probe (Chrono Boost), Stalker x3  
  102  10:07  Probe (Chrono Boost)  
  105  10:11  Probe x2 (Chrono Boost)  
  105  10:13  Immortal  
  109  10:34  Pylon  
  109  10:36  Protoss Ground Weapons Level 2 (Chrono Boost)  
  109  10:38  Pylon  
  109  10:41  Assimilator  
  109  10:43  Assimilator  
  109  10:44  Pylon  
  109  10:52  Probe x3, Pylon x2  
  109  10:55  Stalker x2  
  109  10:56  Stalker  
  118  10:57  Stalker  
  118  11:03  Templar Archives  
  120  11:21  Nexus  
  120  11:28  Stalker x3  
  126  11:44  Probe (Chrono Boost)  
  126  11:45  Probe x2 (Chrono Boost)  
  131  11:54  High Templar  
  131  11:55  Probe x3 (Chrono Boost), High Templar x3  
  131  11:59  Archon x2  
  131  12:00  Blink (Chrono Boost)  
  140  12:07  Immortal  
  144  12:35  Probe (Chrono Boost)  
  145  12:41  Assimilator  
  145  12:43  Assimilator  
  149  12:45  Probe (Chrono Boost)  
  149  12:46  Probe (Chrono Boost)  
  149  12:49  Probe x2 (Chrono Boost)  
  144  12:54  Probe x2 (Chrono Boost)  
  144  12:57  Probe x2 (Chrono Boost)  
  140  13:01  Probe  
  133  13:05  Stalker x2  
  133  13:06  Stalker x2  
  136  13:13  Probe x2 (Chrono Boost)  
  136  13:17  Probe x2 (Chrono Boost)  
  136  13:24  Probe x2 (Chrono Boost)  
  136  13:27  Probe x2 (Chrono Boost), Immortal  
  140  13:30  Stalker x3  
  140  13:31  Stalker  
  143  13:39  Gateway  
  136  13:43  Gateway x2  
  136  13:44  Gateway  
  136  13:45  Gateway  
Tags
 
Matchup
PvT
Replay Pack
Multiplayer
Spawn Locations
Cross Positions
Add a new tag
Caveats
  • Supply blocks, unpowered buildings, or Contaminate may cause inaccurate times.
  • Supply counts are checked every 10 seconds.